 Dungeon Crawl Stone Soup version 0.12.2-22-g286eab9 (webtiles) character file.

9745 Gabry the Nimble (level 11, -3/91 HPs)
             Began as a Minotaur Fighter on Aug 27, 2013.
             Was a High Priest of Okawaru.
             Slain by an orc warrior
             ... wielding a +0,+2 orcish flail
             ... led by an orc knight
              (11 damage)
             ... on Level 3 of the Orcish Mines on Aug 29, 2013.
             The game lasted 01:35:44 (13708 turns).

Gabry the Nimble (Minotaur Fighter)                Turns: 13708, Time: 01:35:45

HP  -3/91        AC 12     Str 22      XL: 11   Next: 15%
MP   3/3         EV 16     Int  5      God: Okawaru [*****.]
Gold 867         SH 13     Dex 12      Spells:  0 memorised, 10 levels left

Res.Fire  : . . .   See Invis. : .   p - +5,+4 dwarf mace
Res.Cold  : . . .   Warding    : .   k - +2 elf leather armour {MR}
Life Prot.: + . .   Conserve   : .   m - +0 buckler
Res.Poison: .       Res.Corr.  : .   (helmet restricted)
Res.Elec. : .       Clarity    : .   z - +2 cloak
Sust.Abil.: . .     Spirit.Shd : .   (no gloves)
Res.Mut.  : .       Stasis     : .   w - +2 pair of boots
Res.Rott. : .       Ctrl.Telep.: .   (no amulet)
Saprovore : . . .   Flight     : .   s - ring of protection from magic {unknown}
                                     t - ring of life protection

@: about to teleport, very resistant to hostile enchantments, fairly stealthy
A: retaliatory headbutt, horns 2
a: Heroism, Finesse, Renounce Religion


You were on level 3 of the Orcish Mines.
You worshipped Okawaru.
Okawaru was exalted by your worship.
You were not hungry.

You visited 3 branches of the dungeon, and saw 14 of its levels.

You collected 847 gold pieces.

Inventory:

Hand weapons
 f - a +0,+3 orcish dagger of speed (quivered)
 g - a +1,+3 falchion of holy wrath
 p - a +5,+4 dwarven mace (weapon)
 v - a -1,+2 orcish vampiric trident
 F - a cursed +2,+3 falchion
Armour
 b - a +1 dwarven chain mail
 i - a +2 scale mail of cold resistance
 k - a +2 elven leather armour of magic resistance (worn)
 l - a cursed -1 orcish leather armour
 m - a +0 buckler (worn)
 w - a +2 pair of boots (worn)
 z - a +2 cloak (worn)
 G - a +4 orcish chain mail
Magical devices
 c - a wand of enslavement (2)
 e - a wand of frost (8)
 j - a wand of confusion (4)
 u - a wand of digging (11)
 x - a wand of flame (8)
 y - a wand of magic darts (14)
Scrolls
 C - a scroll of teleportation
 I - a scroll of remove curse
Jewellery
 s - a ring of protection from magic (right hand) {unknown}
 t - a ring of life protection (left hand)
 B - an uncursed ring of fire
Potions
 a - a potion of might
 h - a potion of curing
 n - 2 potions of invisibility
 q - 2 potions of magic
 r - a potion of resistance
 E - a potion of flight
Books
 A - a book of Death

   Spells                             Type                      Level
   Corpse Rot                         Necromancy                   2
   Sublimation of Blood               Necromancy                   2
   Agony                              Necromancy                   5
   Dispel Undead                      Necromancy                   5
   Excruciating Wounds                Charms/Necromancy            5
   Bolt of Draining                   Conjuration/Necromancy       6
 D - a book of Control

   Spells                             Type                      Level
   Control Teleport                   Charms/Translocation         4
   Control Undead                     Necromancy                   4
   Enslavement                        Hexes                        4
   Mass Confusion                     Hexes                        6
   Metabolic Englaciation             Hexes/Ice                    6


   Skills:
 + Level 7.8 Fighting
 + Level 10.0 Maces & Flails
 + Level 8.2 Armour
 + Level 10.7 Dodging
 + Level 3.0 Stealth
 - Level 1.0 Stabbing
 + Level 10.7 Shields
 - Level 1.3 Traps
 - Level 0.2 Evocations


You had 10 spell levels left.
You didn't know any spells.

Dungeon Overview and Level Annotations

Branches:
Dungeon (10/27)            Temple (1/1) D:6             Orc (3/4) D:10
    Elf: Orc:3-4       Lair: D:8-13

Altars:
Ashenzari
Cheibriados
Elyvilon
Fedhas
Kikubaaqudgha
Makhleb
Nemelex Xobeh
Okawaru
Sif Muna
Trog
Vehumet
Xom
Yredelemnul
Zin


Innate Abilities, Weirdness & Mutations

You reflexively headbutt those who attack you in melee.
You have a pair of horns on your head.


Message History

You furiously retaliate!
You headbutt the orc warrior, but do no damage.
Drink which item? (? for menu, Esc to quit)
You feel much better.
The orc warrior hits you but does no damage.
The orc priest invokes the aid of Beogh against you.
Something smites you! The orc warrior closely misses you.
The orc warrior hits you with an orcish flail!
* * * LOW HITPOINT WARNING * * *
You hit the ogre.
You headbutt the ogre, but do no damage.
The ogre is almost dead.
The orc warrior hits you with an orcish scimitar!
* * * LOW HITPOINT WARNING * * *
The orc priest glows brightly for a moment.
The orc knight barely misses you. You furiously retaliate!
You headbutt the orc knight, but do no damage.
The ogre hits you but does no damage.
The orc warrior hits you with an orcish flail!
You die...

##.#.#.....))#
#............#
##.......#...##
#...#......)##
##..#....#.)##
#...#...#.))#
##...o......##
#..oOoo....##
#.$.#@o...##
#...###....#
##...#.........
#.O##......$..
o.............
o.oo..........
.oo...........
#..#..........
..........


You could see an orc knight, 3 orc warriors, an ogre and an orc priest.

Vanquished Creatures
  The ghost of adg the Cleaver, an experienced HOBe of Trog (Orc:1)
  Joseph (D:7)
  Maurice (D:10)
  Psyche (D:9)
  Grinder (D:5)
  A troll (D:10)
  2 two-headed ogres
  Prince Ribbit (D:7)
  2 wyverns
  2 hippogriffs (D:8)
  A manticore (D:9)
  7 orc warriors
  5 sky beasts
  A necrophage (D:9)
  An ice beast (D:7)
  7 ogres
  A crocodile (D:8)
  2 phantoms
  A hippogriff skeleton (D:10)
  5 centaurs
  A yak skeleton (D:8)
  Sigmund (D:4)
  Duvessa (D:8)
  7 giant frogs
  A giant frog zombie (D:6)
  A gnoll sergeant (D:8)
  A centaur zombie (D:7)
  A water moccasin (D:8)
  4 jellyfish (D:10)
  8 wights
  8 crimson imps
  5 hounds
  A mottled dragon zombie (D:8)
  An ogre skeleton (D:8)
  Dowan (D:8)
  2 goliath beetles
  2 big fish (D:10)
  Crazy Yiuf (D:4)
  A big kobold skeleton (D:10)
  11 orc priests
  A shadow (D:8)
  An iguana (D:8)
  A scorpion (D:7)
  2 worker ant zombies
  8 orc wizards
  6 worker ants
  A steam dragon zombie (D:6)
  5 jellies
  A mummy (D:9)
  7 gnolls
  16 adders
  5 worms
  An adder skeleton (D:4)
  2 giant eyeballs
  3 giant geckos
  An ooze (D:2)
  76 orcs
  2 ball pythons
  21 bats
  3 giant cockroaches
  24 goblins
  16 hobgoblins
  9 jackals
  16 kobolds
  A quokka (D:8)
  4 giant newts
  A giant spore (D:10)
  A hobgoblin zombie (D:3)
  A jackal zombie (D:6)
  An orc skeleton (D:7)
  A quokka skeleton (D:5)
  20 rats
  3 ballistomycetes
  A fungus (D:8)
365 creatures vanquished.

Vanquished Creatures (others)
  A jelly (D:5)
  A giant gecko (D:2)
  A giant spore (D:3)
3 creatures vanquished.

Grand Total: 368 creatures vanquished

Notes
Turn   | Place    | Note
--------------------------------------------------------------
     0 | D:1      | Gabry, the Minotaur Fighter, began the quest for the Orb.
     0 | D:1      | Reached XP level 1. HP: 19/19 MP: 0/0
    90 | D:1      | Reached XP level 2. HP: 23/26 MP: 0/0
    91 | D:1      | Reached skill level 4 in Shields
   656 | D:2      | Reached XP level 3. HP: 17/33 MP: 1/1
   754 | D:2      | Reached skill level 1 in Dodging
   891 | D:2      | Reached XP level 4. HP: 40/40 MP: 1/1
  1500 | D:3      | Found a radiant altar of Vehumet.
  1554 | D:3      | Reached skill level 5 in Shields
  1554 | D:3      | Reached XP level 5. HP: 23/46 MP: 1/1
  1554 | D:3      | Reached XP level 6. HP: 26/53 MP: 2/2
  2320 | D:4      | Reached skill level 5 in Armour
  2790 | D:4      | Reached XP level 7. HP: 51/59 MP: 2/2
  2873 | D:4      | Noticed Sigmund
  2885 | D:4      | Killed Sigmund
  3044 | D:4      | Noticed Crazy Yiuf
  3052 | D:4      | Killed Crazy Yiuf
  3220 | D:4      | Reached skill level 6 in Armour
  3281 | D:5      | Entered Level 5 of the Dungeon
  3601 | D:5      | Reached skill level 5 in Maces & Flails
  3777 | D:5      | Reached XP level 8. HP: 63/67 MP: 2/2
  3896 | D:5      | Reached skill level 5 in Dodging
  3931 | D:5      | Noticed Grinder
  3951 | D:5      | Killed Grinder
  3951 | D:5      | Reached skill level 5 in Fighting
  4292 | D:6      | Found a staircase to the Ecumenical Temple.
  4300 | Temple   | Entered the Ecumenical Temple
  4318 | Temple   | Became a worshipper of Warmaster Okawaru
  4681 | D:6      | Reached skill level 1 in Traps
  5109 | D:5      | Reached skill level 7 in Shields
  5502 | D:5      | Reached skill level 1 in Stealth
  5568 | D:5      | Reached XP level 9. HP: 43/74 MP: 3/3
  6357 | D:7      | Noticed Joseph
  6384 | D:7      | Killed Joseph
  6542 | D:7      | Acquired Okawaru's first power
  6571 | D:7      | Reached skill level 8 in Shields
  6908 | D:7      | Noticed Prince Ribbit
  6923 | D:7      | Killed Prince Ribbit
  7067 | D:7      | Paralysed by a giant eyeball for 3 turns
  7257 | D:7      | Noticed an eight-headed hydra skeleton
  7733 | D:8      | Reached XP level 10. HP: 82/82 MP: 3/3
  7737 | D:8      | Noticed Duvessa
  7737 | D:8      | Noticed Dowan
  7769 | D:8      | Killed Dowan
  7779 | D:8      | Killed Duvessa
  7910 | D:8      | Reached XP level 9. HP: 47/75 MP: 2/3
  8111 | D:8      | Reached XP level 10. HP: 56/82 MP: 3/3
  8231 | D:8      | Reached skill level 9 in Shields
  8902 | D:9      | Paralysed by a giant eyeball for 4 turns
  9109 | D:9      | Found a shattered altar of Ashenzari.
  9496 | D:9      | Noticed Psyche
  9510 | D:9      | Killed Psyche
  9682 | D:10     | Entered Level 10 of the Dungeon
  9692 | D:10     | Got a distressingly furry robe
  9713 | D:9      | Identified the cursed -5 robe "Noitig" {MR} (You found it on level 10 of the Dungeon)
  9751 | D:10     | Reached skill level 1 in Stabbing
  9756 | D:10     | Reached skill level 10 in Shields
  9776 | D:10     | Found a flagged portal.
 10112 | D:10     | Noticed Maurice
 10164 | D:10     | Killed Maurice
 10243 | D:10     | HP: 3/84 [two-headed ogre/giant spiked club (18)]
 10841 | D:10     | Found a staircase to the Orcish Mines.
 11010 | Orc:1    | Entered Level 1 of the Orcish Mines
 11061 | Orc:1    | Noticed adg's ghost (experienced HOBe)
 11061 | Orc:1    | Reached skill level 10 in Dodging
 11707 | D:10     | Acquired Okawaru's second power
 11812 | Orc:1    | HP: 4/84 [adg's ghost (10)]
 12459 | Orc:1    | Killed adg's ghost
 12459 | Orc:1    | Reached XP level 11. HP: 45/91 MP: 3/3
 12890 | Orc:3    | Noticed an orc knight
 13251 | Orc:2    | Reached skill level 10 in Maces & Flails
 13690 | Orc:3    | Noticed an orc knight
 13708 | Orc:3    | Slain by an orc warrior

Action                   |  1- 3 |  4- 6 |  7- 9 | 10-12 || total
-------------------------+-------+-------+-------+-------++-------
Melee: Mace              |    80 |   128 |   503 |   563 ||  1274
Evoke: Wand              |       |     1 |     6 |    24 ||    31
  Use: Potion            |     5 |     4 |       |    12 ||    21
       Scroll            |       |     4 |    18 |    11 ||    33
 Stab: Confused          |       |       |     1 |       ||     1
       Sleeping          |       |       |       |     2 ||     2
